 Dungeon Crawl Stone Soup version 0.13-a0-1536-gedae9ec (webtiles) character file.

40131 Kae the Bludgeoner (level 13, -8/114 HPs)
             Began as a Minotaur Berserker on June 9, 2013.
             Was a High Priest of Trog.
             Mangled by a death yak (17 damage)
             ... on Level 8 of the Lair of Beasts.
             The game lasted 00:45:39 (19315 turns).

Kae the Bludgeoner (Minotaur Berserker)            Turns: 19315, Time: 00:45:39

HP  -8/114       AC 27     Str 22      XL: 13   Next: 52%
MP  12/12        EV 10     Int  5      God: Trog [*****.]
Gold 1250        SH 25     Dex 14      Spells:  0 memorised, 12 levels left

Res.Fire  : + . .   See Invis. : .   C - +2,+9 demon whip (freeze)
Res.Cold  : + . .   Warding    : .   h - +8 chain mail of Pueqettaqo {rF+ rN+}
Life Prot.: + . .   Conserve   : .   O - +0 shield
Res.Poison: .       Res.Corr.  : +   (helmet restricted)
Res.Elec. : .       Clarity    : .   q - +0 cloak
Sust.Abil.: + .     Spirit.Shd : .   R - +0 pair of dwarf gauntlets
Res.Mut.  : .       Stasis     : .   d - +2 pair of elf boots {Fly}
Res.Rott. : .       Flight     : .   H - amulet of resist corrosion
Saprovore : . . .                    T - ring of protection from cold
                                     X - ring of sustain abilities

@: about to teleport, exhausted, slowed, very slow, somewhat resistant to
hostile enchantments, extremely unstealthy
A: retaliatory headbutt, horns 2
a: Burn Spellbooks, Berserk, Trog's Hand, Brothers in Arms, Renounce Religion,
Evoke Flight


You were on level 8 of the Lair of Beasts.
You worshipped Trog.
Trog was exalted by your worship.
You were very hungry.

You visited 3 branches of the dungeon, and saw 21 of its levels.
You also visited: Ossuary.

You collected 1402 gold pieces.
You spent 172 gold pieces at shops.

Inventory:

Hand weapons
 b - a +6,+2 flail of protection
 y - a +0,+5 morningstar of draining
 C - a +2,+9 demon whip of freezing (weapon)
 L - a +0,+3 morningstar of holy wrath
Armour
 d - a +2 pair of elven boots of flying (worn)
 h - the +8 chain mail of Pueqettaqo (worn) {rF+ rN+}
   (You found it on level 7 of the Dungeon)

   It protects you from fire.
   It protects you from negative energy.
 q - a +0 cloak (worn)
 O - a +0 shield (worn)
 R - a +0 pair of dwarven gauntlets (worn)
Magical devices
 c - a wand of enslavement (16) {unknown}
 p - a wand of cold (6)
 s - a wand of teleportation (4)
 z - a wand of cold (5)
 E - a wand of disintegration (10)
 I - a wand of draining (8)
 V - a wand of flame (14)
Comestibles
 a - a pear
 g - an apple
 u - 5 meat rations
 B - 2 royal jellies
 K - 7 rotting chunks of yak flesh
 N - a bread ration
 Q - 3 chokos
 S - a lemon
 Y - 2 apricots
Scrolls
 i - 5 scrolls of magic mapping
 j - 6 scrolls of fog
 l - 13 scrolls of remove curse
 m - a scroll of fear
 x - 6 scrolls of teleportation
 D - 3 scrolls of blinking
 F - a scroll of identify
 Z - a scroll of summoning
Jewellery
 o - an uncursed amulet of rage
 r - an uncursed ring of ice
 A - an uncursed amulet of resist mutation
 H - an amulet of resist corrosion (around neck)
 J - an uncursed ring of see invisible {unknown}
 T - a ring of protection from cold (right hand)
 U - a +3 ring of strength {unknown}
 X - a ring of sustain abilities (left hand)
Potions
 e - 7 potions of agility
 f - 12 potions of curing
 k - 4 potions of might
 n - 3 potions of speed
 t - 5 potions of brilliance
 v - 2 potions of magic
 w - a potion of invisibility
 G - 13 potions of heal wounds
 M - a potion of porridge
 P - 3 potions of resistance
 W - 2 potions of restore abilities


   Skills:
 + Level 12.9 Fighting
 * Level 17.0 Maces & Flails
 + Level 12.6 Armour
 + Level 11.6 Dodging
 + Level 10.9 Shields
 + Level 3.9 Evocations


You had 12 spell levels left.
You didn't know any spells.

Dungeon Overview and Level Annotations

Branches:
Dungeon (12/27)            Temple (1/1) D:6             Orc (0/4) D:9
   Lair (8/8) D:10         Shoals (0/5) Lair:3        Snake (0/5) Lair:6
  Slime (0/6) Lair:7

Altars:
Ashenzari
Elyvilon
Makhleb
Nemelex Xobeh
Okawaru
Trog
Xom
Yredelemnul
Zin
the Shining One
Jiyva

Shops:
D:8: [

Portals:
Ziggurat: D:10 (3390 gp)

Annotations
D:7 3 exclusions


Innate Abilities, Weirdness & Mutations

You reflexively headbutt those who attack you in melee.
You have a pair of horns on your head.


Message History

The death yak barely misses you.
The deep troll shaman bites you but does no damage.
You block the deep troll shaman's attack.
The deep troll shaman claws you.
* * * LOW HITPOINT WARNING * * *
The death yak barely misses you.
Evoke which item? (* to show all) (? for menu, Esc to quit)
Zapping:
s - a wand of teleportation (5)
Press: ? - help, Shift-Dir - straight line, f - you You feel strangely unstable.
This wand has 4 charges left.
The deep troll shaman bites you.
* * * LOW HITPOINT WARNING * * *
The deep troll shaman claws you but does no damage.
You block the death yak's attack. The deep troll shaman bites you.
* * * LOW HITPOINT WARNING * * *
The deep troll shaman claws you!
* * * LOW HITPOINT WARNING * * *
The deep troll shaman claws you but does no damage.
The death yak gores you!
You die...

#.f.P..# . .......## ........#
#......%## #.....P..##
#....P....### ######
#...........## ###.P..##
#..%.f.....P.####TP..P..##
....P.......%...@P.......###
..............##PY.....%..f##
P..##.......########.......P##
....##.%..P## #####.....#
....###....# ###...## ...P#
#.P.## #....# ...P# .. ##...#
...## #...# #..# ##..#


You could see a death yak and a deep troll shaman.

Vanquished Creatures
  Fannar (Lair:3)
  3 hydras
  10 death yaks
  A centaur warrior (D:11)
  A catoblepas (Lair:8)
  An unseen horror (D:10)
  2 hill giants
  The ghost of Kae the Basher, an experienced MiBe of Trog (D:7)
  A wolf spider (D:11)
  2 griffons
  A black mamba (Lair:4)
  3 humans (D:6)
  The ghost of truffant the Martial Artist, an experienced GrMo of Cheibriados (D:5)
  5 elephants (Lair:8)
  7 spiny frogs
  A hill giant zombie (D:8)
  4 komodo dragons
  A feature mimic (D:8)
  Psyche (D:8)
  2 trolls (D:11)
  A wandering mushroom (Lair:7)
  7 blink frogs
  2 two-headed ogres
  A grizzly bear (Lair:3)
  5 basilisks
  A wraith (D:10)
  3 sharks (D:10)
  13 yaks
  A wyvern (D:11)
  Eustachio (D:7)
  A hungry ghost (D:9)
  7 hippogriffs
  A fire drake (Lair:5)
  2 vampire mosquitoes (D:11)
  2 manticores (D:8)
  Menkaure (D:4)
  3 war dogs (Lair:3)
  2 orc warriors
  A phantom (D:6)
  3 sky beasts
  6 ogres
  3 yellow wasps
  A black bear (Lair:2)
  A boring beetle (Lair:4)
  3 hippogriff zombies
  3 nagas (Lair:6)
  9 crocodiles
  4 giant goldfish (D:10)
  4 centaurs (Lair:3)
  6 water moccasins
  An ice beast (D:11)
  A giant slug (Lair:6)
  9 wolves
  Blork the orc (D:6)
  A giant frog skeleton (D:4)
  4 agate snails
  9 giant frogs
  A gnoll sergeant (D:6)
  4 jellyfish (D:10)
  8 killer bees
  An ogre zombie (D:6)
  6 crimson imps
  A crocodile zombie (D:11)
  A goliath beetle (D:10)
  6 hounds
  An ogre skeleton (D:8)
  7 orc priests
  4 big fish (D:10)
  7 scorpions
  9 iguanas
  5 worker ants
  15 orc wizards
  7 porcupines
  16 sheep
  4 jellies
  10 mummies (Ossuary)
  6 gnolls
  18 adders
  51 green rats
  8 giant centipedes
  An adder zombie (D:5)
  A scorpion zombie (D:10)
  2 adder skeletons
  7 giant mites
  An inept item mimic (Ossuary)
  6 worms
  A gnoll zombie (Ossuary)
  A giant eyeball (D:6)
  13 giant geckos
  2 oozes
  47 orcs
  24 bats
  5 giant cockroaches
  20 hobgoblins
  14 kobolds
  17 quokkas
  A ball python (D:4)
  7 giant newts
  A giant spore (D:11)
  8 goblins
  A hobgoblin skeleton (D:4)
  A hobgoblin zombie (Ossuary)
  27 jackals
  2 kobold zombies (Ossuary)
  4 orc zombies (Ossuary)
  25 rats
  A rat skeleton (D:5)
  7 ballistomycetes
  A plant (Lair:1)
617 creatures vanquished.

Vanquished Creatures (collateral kills)
  An orc (D:9)
1 creature vanquished.

Vanquished Creatures (others)
  An unseen horror (D:11)
  A two-headed ogre (Lair:3)
  An ogre (D:9)
  2 green rats
  2 orcs (D:11)
  2 giant spores
  A ballistomycete (D:11)
  4 fungi
  2 plants
16 creatures vanquished.

Grand Total: 634 creatures vanquished

Notes
Turn   | Place    | Note
--------------------------------------------------------------
     0 | D:1      | Kae, the Minotaur Berserker, began the quest for the Orb.
     0 | D:1      | Reached XP level 1. HP: 19/19 MP: 0/0
   189 | D:1      | Reached XP level 2. HP: 19/26 MP: 0/0
   548 | D:1      | Reached skill level 4 in Maces & Flails
   866 | D:2      | Acquired Trog's second power
   866 | D:2      | Reached XP level 3. HP: 29/33 MP: 1/1
  1391 | D:3      | Reached XP level 4. HP: 37/40 MP: 1/1
  1549 | D:3      | Found a shattered altar of Ashenzari.
  2029 | D:3      | Reached skill level 5 in Maces & Flails
  2049 | D:3      | HP: 2/40 [poisoned by a scorpion]
  2105 | D:3      | HP: 2/40 [poisoned by a scorpion]
  2403 | D:4      | Reached XP level 5. HP: 28/46 MP: 1/1
  2594 | D:4      | Noticed Menkaure
  2600 | D:4      | Killed Menkaure
  2600 | D:4      | Reached skill level 6 in Maces & Flails
  2600 | D:4      | Reached XP level 6. HP: 53/53 MP: 2/2
  2617 | D:4      | Reached skill level 5 in Fighting
  2957 | D:4      | Noticed an ogre
  2970 | D:4      | Killed an ogre
  3087 | D:4      | Reached skill level 7 in Maces & Flails
  3087 | D:4      | Reached XP level 7. HP: 18/60 MP: 2/2
  3650 | D:5      | Entered Level 5 of the Dungeon
  3793 | D:5      | Noticed truffant's ghost (experienced GrMo)
  3808 | D:5      | Killed truffant's ghost
  3808 | D:5      | Reached skill level 5 in Armour
  4234 | D:5      | Reached XP level 8. HP: 69/69 MP: 2/2
  4479 | D:6      | Reached skill level 8 in Maces & Flails
  4529 | D:6      | Acquired Trog's third power
  4569 | D:6      | Noticed a human
  4583 | D:6      | Reached skill level 5 in Dodging
  4588 | D:6      | Killed a human
  4597 | D:6      | Noticed a human
  4778 | D:6      | Noticed a human
  4786 | D:6      | Noticed Blork the orc
  4789 | D:6      | Killed a human
  4789 | D:6      | Reached skill level 9 in Maces & Flails
  4792 | D:6      | Killed a human
  4792 | D:6      | Reached XP level 9. HP: 59/75 MP: 3/3
  4955 | D:6      | Killed Blork the orc
  5550 | D:6      | Paralysed by a potion of paralysis for 5 turns
  5907 | D:6      | Found a staircase to the Ecumenical Temple.
  6028 | Temple   | Entered the Ecumenical Temple
  6194 | D:7      | Got an encrusted chain mail
  6221 | D:7      | Identified the +8 chain mail of Pueqettaqo {rF+ rN+} (You found it on level 7 of the Dungeon)
  6255 | D:7      | Found a glowing silver altar of Zin.
  6256 | D:7      | Noticed an angel
  6335 | D:7      | Noticed a moth of wrath
  6339 | D:7      | Noticed Kae's ghost (experienced MiBe)
  6339 | D:7      | Found a bloodstained altar of Trog.
  6358 | D:7      | Found a sand-covered staircase.
  6365 | Ossuary  | Entered an ossuary
  7010 | D:7      | Killed Kae's ghost
  7010 | D:7      | Reached skill level 10 in Maces & Flails
  7117 | D:7      | Noticed Eustachio
  7125 | D:7      | Killed Eustachio
  8261 | D:8      | Reached skill level 1 in Shields
  8261 | D:8      | Reached XP level 10. HP: 68/85 MP: 3/3
  8400 | D:8      | Noticed Psyche
  8409 | D:8      | Reached XP level 9. HP: 63/78 MP: 2/3
  8412 | D:8      | Paralysed by Psyche for 2 turns
  8416 | D:8      | Paralysed by Psyche for 6 turns
  8428 | D:8      | Killed Psyche
  8428 | D:8      | Reached skill level 11 in Maces & Flails
  8600 | D:8      | Reached XP level 10. HP: 78/85 MP: 3/3
  9152 | D:8      | Found Otsun's Armour Boutique.
  9182 | D:8      | Bought a +1 pair of elven boots of flying for 172 gold pieces
  9619 | D:9      | Found a sparkling altar of Nemelex Xobeh.
  9627 | D:9      | Found a shattered altar of Ashenzari.
  9910 | D:9      | Found a shimmering altar of Xom.
 10053 | D:9      | Found a staircase to the Orcish Mines.
 10133 | D:10     | Entered Level 10 of the Dungeon
 10149 | D:9      | Reached skill level 12 in Maces & Flails
 10445 | D:10     | Found a staircase to the Lair.
 10813 | D:10     | Reached skill level 5 in Shields
 10851 | D:10     | Found a gateway to a ziggurat.
 10883 | D:10     | Noticed a hill giant
 10896 | D:10     | Killed a hill giant
 10987 | D:10     | Reached XP level 11. HP: 76/94 MP: 3/3
 11181 | D:10     | Killed an unseen horror
 11181 | D:10     | Reached skill level 13 in Maces & Flails
 11402 | D:10     | Received a gift from Trog
 11919 | D:11     | Noticed a centaur warrior
 12147 | D:11     | Reached skill level 10 in Fighting
 12162 | D:11     | Noticed a hill giant
 12168 | D:11     | Killed a hill giant
 12182 | D:11     | Killed an unseen horror
 12192 | D:11     | Killed a centaur warrior
 12433 | D:11     | Reached skill level 10 in Armour
 12573 | D:11     | Received a gift from Trog
 12921 | Lair:1   | Entered Level 1 of the Lair of Beasts
 13023 | Lair:1   | Reached skill level 14 in Maces & Flails
 13573 | Lair:1   | Received a gift from Trog
 14339 | Lair:2   | Gained mutation: You are clumsy (Dex -1). [potion of mutation]
 14339 | Lair:2   | Gained mutation: You are robust (+10% HP). [potion of mutation]
 14339 | Lair:2   | Gained mutation: You tend to lose your temper in combat. [potion of mutation]
 14340 | Lair:2   | Gained mutation: You are clumsy (Dex -2). [potion of mutation]
 14340 | Lair:2   | Gained mutation: You cover ground slowly. [potion of mutation]
 14341 | Lair:2   | Lost mutation: You tend to lose your temper in combat. [potion of cure mutation]
 14341 | Lair:2   | Lost mutation: You are clumsy (Dex -2). [potion of cure mutation]
 14341 | Lair:2   | Lost mutation: You are clumsy (Dex -1). [potion of cure mutation]
 14341 | Lair:2   | Lost mutation: You cover ground slowly. [potion of cure mutation]
 14341 | Lair:2   | Lost mutation: You are robust (+10% HP). [potion of cure mutation]
 14586 | Lair:3   | Reached XP level 12. HP: 85/104 MP: 4/4
 14646 | Lair:3   | Received a gift from Trog
 14786 | Lair:3   | Noticed a death yak
 14788 | Lair:3   | Noticed a death yak
 14788 | Lair:3   | Noticed a death yak
 14788 | Lair:3   | Noticed a death yak
 14790 | Lair:3   | Noticed a death yak
 14798 | Lair:3   | Killed a death yak
 14798 | Lair:3   | Reached skill level 10 in Dodging
 14803 | Lair:3   | Killed a death yak
 14810 | Lair:3   | Killed a death yak
 14836 | Lair:2   | Killed a death yak
 14836 | Lair:2   | Reached skill level 15 in Maces & Flails
 14979 | Lair:3   | Killed a death yak
 15026 | Lair:3   | Found a staircase to the Shoals.
 15247 | Lair:3   | Noticed Fannar
 15262 | Lair:3   | Killed Fannar
 15691 | Lair:3   | Received a gift from Trog
 16253 | Lair:4   | Noticed a four-headed hydra
 16259 | Lair:4   | Killed a four-headed hydra
 16600 | Lair:5   | Received a gift from Trog
 16778 | Lair:5   | Reached skill level 16 in Maces & Flails
 17446 | Lair:6   | Found a staircase to the Snake Pit.
 17450 | Lair:6   | Reached skill level 1 in Evocations
 17476 | Lair:6   | Noticed a four-headed hydra
 17481 | Lair:6   | Killed a four-headed hydra
 17642 | Lair:6   | Reached skill level 10 in Shields
 17769 | Lair:6   | Reached XP level 13. HP: 113/113 MP: 7/7
 18164 | Lair:6   | Found a shimmering altar of Xom.
 18321 | Lair:7   | Found a viscous altar of Jiyva.
 18321 | Lair:7   | Found a staircase to the Slime Pits.
 18321 | Lair:7   | Noticed a six-headed hydra
 18334 | Lair:7   | Killed a six-headed hydra
 18496 | Lair:7   | Received a gift from Trog
 18876 | Lair:8   | Entered Level 8 of the Lair of Beasts
 19296 | Lair:8   | Reached skill level 17 in Maces & Flails
 19304 | Lair:8   | HP: 5/114 [death yak (10)]
 19315 | Lair:8   | Mangled by a death yak

Action                   |  1- 3 |  4- 6 |  7- 9 | 10-12 | 13-15 || total
-------------------------+-------+-------+-------+-------+-------++-------
Melee: Mace              |    85 |   110 |   438 |   532 |       ||  1165
       Demon whip        |       |       |       |   654 |   189 ||   843
Invok: Trog's Hand       |       |     3 |     4 |     4 |       ||    11
       Berserk           |       |     3 |     7 |     4 |     1 ||    15
       Brothers in Arms  |       |       |       |     2 |       ||     2
       Burn Spellbooks   |       |       |       |     1 |       ||     1
Evoke: Wand              |       |       |     4 |     5 |     1 ||    10
  Use: Scroll            |       |       |    19 |    26 |     1 ||    46
       Potion            |       |       |     5 |     3 |     2 ||    10
